 Dungeon Crawl Stone Soup version 0.19-a0-1821-g42c593c (webtiles) character file.

53 Leszczynek the Cudgeler (level 3, -4/31 HPs)
             Began as an Ogre Wanderer on Oct 6, 2016.
             Slain by twist's ghost (11 damage)
             ... on level 3 of the Dungeon.
             The game lasted 00:10:40 (2022 turns).

Leszczynek the Cudgeler (Ogre Wanderer)             Turns: 2022, Time: 00:10:44

Health: -4/31      AC:  4    Str: 18    XL:     3   Next: 89%
Magic:  4/4        EV: 14    Int: 11    God:
Gold:   118        SH:  0    Dex: 14    Spells: 0 memorised, 4 levels left

rFire  . . .     SeeInvis .     j - +0 mace
rCold  . . .     Gourm    .     f - +1 robe
rNeg   . . .     Faith    .     (no shield)
rPois  .         Spirit   .     (helmet restricted)
rElec  .         Dismiss  .     (no cloak)
rCorr  .         Reflect  .     (gloves unavailable)
MR     +....     Harm     .     (boots unavailable)
Stlth  +++.......               (no amulet)
                                (no ring)
                                p - ring of protection from magic

@: agile
A: unfitting armour, tough skin 1
a: no special abilities


You were on level 3 of the Dungeon.
You were hungry.

You visited 1 branch of the dungeon, and saw 3 of its levels.

You collected 118 gold pieces.

Inventory:

Hand Weapons
 e - a +0 club
 i - a +0 short sword
 j - a +0 mace (weapon)
Armour
 f - a +1 robe (worn)
Jewellery
 p - a ring of protection from magic (left hand)
Wands
 s - a wand of disintegration (16/24)
Scrolls
 n - a scroll of identify
 r - a scroll of remove curse {unknown}
Potions
 c - a potion of degeneration {unknown}
 g - a potion of flight {unknown}
 h - a potion of agility
 l - a potion of ambrosia {unknown}
Books
 a - a book of Minor Magic

   Spells                             Type                      Level
   a - Magic Dart                     Conjuration                  1
   b - Blink                          Translocation                2
   c - Call Imp                       Summoning                    2
   d - Repel Missiles                 Charms/Air                   2
   e - Slow                           Hexes                        2
   f - Conjure Flame                  Conjuration/Fire             3
   g - Mephitic Cloud                 Conjuration/Poison/Air       3
Comestibles
 b - a royal jelly
 d - a bread ration
 k - a meat ration
 q - 3 chunks of flesh


   Skills:
 - Level 3.8 Maces & Flails
 - Level 1.0 Throwing
 + Level 1.6 Stealth
 - Level 1.2 Spellcasting
   Level 1.0 Conjurations
   Level 3.7 Summonings
   Level 1.0 Translocations


You had 4 spell levels left.
You didn't know any spells.

Dungeon Overview and Level Annotations

Branches:
Dungeon (3/15)

Altars:
Trog

Annotations:
D:3 twist's ghost, amateur DsGl


Innate Abilities, Weirdness & Mutations

You are too large for most types of armour.
You have tough skin. (AC +1)


Message History

It is a scroll of identify.
h - 2 potions of agility The goblin hits you but does no damage.
You feel agile all of a sudden.
You feel sick. The orc closely misses you. The goblin completely misses you.
Twist's ghost closely misses you.
You feel better. The orc hits you but does no damage. The goblin hits you.
Twist's ghost completely misses you. Twist's ghost hits you!
As you read the scroll labeled LAT MOTEMIN, it crumbles to dust.
It is a scroll of enchant armour.
Your +0 robe glows green for a moment.
The orc hits you with a whip.
* * * LOW HITPOINT WARNING * * *
The kobold completely misses you.
Unknown command.
You feel better. The orc hits you with a whip.
* * * LOW HITPOINT WARNING * * *
The kobold closely misses you. The goblin barely misses you.
Twist's ghost hits you!
You die...

#......#....
##.#.....##
####...........
#..............
#.$............
#....(.........
#..............
#...KoW........
#...g@........
#......).....
#............
#............
#............
#############


You could see twist's ghost, an orc, a goblin and a kobold.

Vanquished Creatures
  An adder (D:2)
  An ooze (D:2)
  2 dart slugs
  A leopard gecko (D:2)
  3 bats (D:1)
  5 goblins
  2 hobgoblins (D:1)
  6 jackals (D:1)
  2 quokkas (D:2)
  2 frilled lizards (D:2)
  4 kobolds
  4 rats
33 creatures vanquished.

Notes
Turn   | Place    | Note
-------+----------+-------------------------------------------
     0 | D:1      | Leszczynek the Ogre Wanderer began the quest for the Orb.
     0 | D:1      | Leszczynek set off with: a book of Minor Magic, the Collected Works on Poison, a potion of lignification, a bread ration, a +0 club, a +0 robe
     0 | D:1      | Reached XP level 1. HP: 16/16 MP: 2/2
     0 | D:1      | Identified the Collected Works on Poison
    63 | D:1      | Reached skill level 1 in Maces & Flails
   394 | D:1      | Reached skill level 2 in Maces & Flails
   401 | D:1      | Reached XP level 2. HP: 22/24 MP: 3/3
   781 | D:1      | Reached skill level 3 in Maces & Flails
  1040 | D:2      | Reached XP level 3. HP: 31/31 MP: 4/4
  1712 | D:2      | Noticed a moth of wrath
  1715 | D:2      | Found a bloodstained altar of Trog.
  1884 | D:3      | god bless the rng
  1909 | D:3      | what would i do without my daily share of pillardancing
  2006 | D:3      | Noticed twist's ghost (amateur DsGl)
  2022 | D:3      | Slain by twist's ghost

Vault maps used:
D:1:      minmay_arrival_arboretum_small
D:2:      tgw_trog, kennysheep_doodads
D:3:      marbit_many_paths, nicolae_overflow_hidden_temple

Skill      XL: |  1  2 |
---------------+-------+-----
Maces & Flails | 2 3 |  3.8
Throwing       | |  1.0
Stealth        | |  1.6
Spellcasting   | |  1.2
Conjurations   | |  1.0
Summonings     | |  3.7
Translocations | |  1.0

Action                   || total
-------------------------++-------
Melee: Short sword       ||    13
       Mace              ||   124
       Club              ||     4
  Use: Potion            ||     6
       Scroll            ||     2
 Stab: Sleeping          ||     2
  Eat: Chunk             ||     3
Armor: Robe              ||    63
       Skin              ||     6
Dodge: Dodged            ||    73
